Map: Frozen Temple

Players

Easy - Winner!

  • Race: Zerg Zerg
  • League: Master

Miszu

  • Race: Terran Terran
  • League: Master

VOD

Have the link to the VOD?

Description

Time

  • Played on: May 7, 2016, 1:57 p.m.
  • Length: 10:10
Show
View Real Time Build Order
Export as new Build Order

Easy Zerg - Winner!

Build Orders: Hatch First 

Get SALT Encoding   

  12  0:00  Drone  
  13  0:10  Drone  
  14  0:18  Overlord  
  14  0:25  Extractor, Drone  
  15  0:37  Drone x2  
  17  0:53  Hatchery  
  17  0:55  Drone  
  17  0:58  Extractor  
  17  1:00  Drone  
  17  1:15  Spawning Pool  
  17  1:18  Drone  
  17  1:20  Drone  
  18  1:28  Drone  
  19  1:38  Overlord  
  19  2:01  Metabolic Boost  
  19  2:02  Zergling x4, Queen  
  19  2:05  Queen  
  25  2:10  Drone  
  25  2:12  Drone  
  27  2:16  Drone  
  27  2:21  Drone  
  29  2:30  Drone  
  29  2:35  Drone  
  31  2:40  Lair  
  31  2:43  Overlord  
  31  2:48  Drone x2  
  33  2:52  Queen  
  33  2:57  Drone  
  36  3:09  Overlord  
  36  3:11  Drone x4  
  36  3:12  Drone  
  40  3:17  Drone x3  
  43  3:24  Extractor  
  43  3:25  Extractor, Drone  
  42  3:29  Drone x2  
  44  3:41  Drone x3  
  46  3:43  Overlord  
  46  3:48  Drone  
  48  3:49  Spire  
  48  3:51  Drone x2  
  48  3:53  Extractor  
  48  4:02  Baneling Nest, Drone x2  
  49  4:03  Drone  
  49  4:06  Drone x2  
  52  4:14  Zergling x6  
  52  4:15  Zergling x4  
  57  4:25  Hatchery  
  57  4:28  Overlord  
  56  4:36  Overlord  
  55  4:54  Zergling x6  
  55  4:57  Queen, Overseer  
  61  5:00  Drone, Spore Crawler  
  61  5:02  Mutalisk x2  
  61  5:03  Mutalisk x2  
  61  5:05  Mutalisk  
  70  5:13  Mutalisk x2  
  74  5:20  Evolution Chamber  
  72  5:21  Baneling x2  
  72  5:22  Baneling x2  
  72  5:23  Drone, Evolution Chamber  
  72  5:24  Drone  
  72  5:27  Baneling x2  
  73  5:29  Baneling  
  73  5:32  Zergling x4  
  73  5:35  Overlord  
  75  5:37  Drone  
  74  5:47  Drone x4  
  74  5:55  Zerg Ground Armor Level 1  
  74  5:56  Drone x2  
  76  6:02  Drone  
  76  6:03  Drone  
  78  6:14  Drone x2  
  78  6:15  Roach Warren, Drone x5  
  78  6:18  Zerg Missile Weapons Level 1  
  84  6:28  Drone x5  
  87  6:45  Drone x2  
  87  6:46  Overlord x2, Extractor, Drone  
  87  6:47  Overlord, Extractor  
  89  6:48  Baneling x4  
  88  6:56  Spore Crawler  
  88  6:59  Glial Reconstitution, Hydralisk Den, Drone  
  88  7:00  Drone  
  88  7:01  Overlord x2, Drone  
  89  7:02  Overlord  
  89  7:12  Drone  
  89  7:14  Roach  
  89  7:15  Roach x6  
  104  7:22  Roach x3  
  110  7:23  Roach, Hatchery  
  107  7:45  Drone  
  107  7:47  Infestation Pit  
  107  7:52  Hydralisk x10, Muscular Augments  
  127  8:00  Overlord x2  
  127  8:01  Overlord  
  127  8:02  Overseer  
  127  8:03  Overlord  
  127  8:06  Ravager  
  127  8:07  Ravager x2  
  127  8:09  Overlord  
  127  8:11  Overseer  
  130  8:21  Ravager x4  
  130  8:22  Roach x4  
  130  8:24  Drone x3  
  130  8:25  Extractor  
  130  8:26  Extractor  
  143  8:27  Drone  
  132  8:49  Hydralisk  
  132  8:50  Hydralisk x8  
  134  9:18  Drone x2  
  134  9:19  Drone x7  
  134  9:20  Hydralisk x3  
  134  9:21  Hydralisk x4, Queen  
Show
View Real Time Build Order
Export as new Build Order

Miszu Terran 

Build Orders: Reaper Expand, Hellion Banshee 

Get SALT Encoding   

  12  0:00  SCV  
  13  0:12  SCV  
  14  0:18  Supply Depot  
  14  0:25  SCV  
  15  0:39  SCV  
  15  0:40  Barracks  
  16  0:44  Refinery  
  16  0:51  SCV  
  17  1:04  SCV  
  18  1:16  SCV  
  19  1:28  Orbital Command  
  19  1:29  Reaper  
  20  1:41  Command Center  
  20  1:51  Supply Depot  
  20  1:53  SCV  
  21  2:01  Marine  
  22  2:05  SCV  
  23  2:09  Factory  
  23  2:14  Refinery  
  23  2:17  SCV  
  25  2:30  SCV  
  24  2:38  Barracks Reactor  
  24  2:42  SCV  
  25  2:53  Starport  
  25  2:54  SCV, Orbital Command  
  26  3:06  SCV  
  27  3:17  Hellion  
  27  3:18  Hellion  
  27  3:19  SCV  
  32  3:22  SCV  
  32  3:25  Barracks Tech Lab  
  33  3:33  SCV  
  34  3:35  SCV  
  34  3:39  Hellion x2  
  38  3:45  SCV  
  38  3:47  Banshee  
  42  3:49  Barracks Reactor  
  42  3:51  Supply Depot  
  42  3:53  SCV  
  43  3:58  SCV  
  43  4:00  Supply Depot, Hellion  
  46  4:13  Hellion, SCV, Armory  
  46  4:14  SCV  
  50  4:22  Hellion  
  50  4:23  Supply Depot  
  52  4:25  SCV  
  52  4:26  SCV  
  54  4:34  Liberator  
  54  4:35  Hellion, Liberator  
  54  4:37  SCV  
  54  4:38  SCV  
  60  4:45  Hellion  
  60  4:46  Supply Depot  
  60  4:49  SCV  
  60  4:50  SCV  
  68  5:01  SCV  
  68  5:05  Supply Depot  
  68  5:06  Command Center  
  70  5:07  SCV  
  70  5:09  Refinery  
  70  5:11  Refinery  
  70  5:14  SCV  
  71  5:19  SCV  
  72  5:25  Starport x2  
  72  5:26  SCV  
  73  5:31  SCV, Liberator  
  73  5:33  Liberator  
  74  5:48  Liberator  
  58  5:52  SCV x2  
  58  5:54  Engineering Bay  
  58  5:56  Supply Depot  
  63  5:58  Hellion x2  
  67  6:04  SCV  
  67  6:07  SCV  
  70  6:16  SCV  
  66  6:29  SCV x2  
  66  6:30  Liberator  
  66  6:39  Liberator  
  63  6:41  SCV x2  
  63  6:44  Missile Turret  
  60  6:53  SCV, Missile Turret  
  64  6:56  Liberator  
  64  6:59  Hellion x2  
  71  7:02  Liberator  
  71  7:08  SCV  
  71  7:14  SCV  
  76  7:16  Missile Turret  
  76  7:17  Refinery  
  76  7:18  Refinery  
  76  7:20  SCV  
  80  7:27  SCV  
  80  7:28  Liberator  
  78  7:33  SCV  
  78  7:37  Liberator  
  78  7:39  SCV  
  79  7:45  SCV  
  79  7:51  SCV  
  85  7:52  Orbital Command  
  85  7:55  Hellion x2  
  85  7:57  SCV  
  92  8:00  Supply Depot  
  92  8:01  Supply Depot  
  92  8:02  Banshee  
  92  8:03  Starport Tech Lab, SCV  
  96  8:09  SCV  
  97  8:15  SCV  
  97  8:17  Hellion  
  100  8:21  SCV  
  104  8:27  SCV  
  104  8:28  Banshee  
  104  8:33  SCV  
  106  8:34  Starport  
  106  8:35  Starport  
  106  8:37  SCV  
  106  8:39  Command Center, SCV  
  108  8:45  SCV  
  99  8:49  SCV  
  99  8:51  SCV  
  97  8:57  Liberator, SCV  
  97  9:00  Viking  
  97  9:01  Hellion x2, SCV  
  102  9:06  Banshee  
  105  9:17  Banshee  
  108  9:18  Starport Tech Lab  
  108  9:19  SCV  
  108  9:20  SCV  
  108  9:21  SCV  
  108  9:23  Starport Tech Lab  
  111  9:24  Supply Depot x2  
  111  9:26  Hellion x2  
  115  9:31  Factory  
  115  9:32  Supply Depot, SCV  
  115  9:33  SCV x2  
  115  9:37  Sensor Tower  
  101  9:48  Hellion  
Tags
 
Add a new tag
Caveats
  • Supply blocks, unpowered buildings, or Contaminate may cause inaccurate times.
  • Supply counts are checked every 10 seconds.